 Dungeon Crawl Stone Soup version 0.29-a0-837-g174bc33265 (webtiles) character file.

Game seed: 5179351727546610063

63 Ijustatesigmund the Firebug (level 4, -3/33 HPs)
             Began as a Hill Orc Fire Elementalist on July 13, 2022.
             Slain by a gnoll
             ... wielding a +0 whip
              (6 damage)
             ... on level 2 of the Dungeon.
             The game lasted 00:03:19 (3205 turns).

Ijustatesigmund the Firebug (HOFE)                  Turns: 3205, Time: 00:03:19

Health: -3/33      AC:  2    Str: 10    XL:     4   Next: 10%
Magic:  3/7        EV: 12    Int: 17    God:
Gold:   119        SH:  0    Dex: 11    Spells: 4/7 levels left

rFire   . . .      SeeInvis .   d - +1 mace (flame)
rCold   . . .      Faith    .   (no shield)
rNeg    . . .      Spirit   .   a - +0 robe
rPois   .          Reflect  .   (no helmet)
rElec   .          Harm     .   (no cloak)
rCorr   .          Rampage  .   (no gloves)
Will    .....                   (no boots)
Stlth   ++........              (no amulet)
HPRegen 0.11/turn               (no ring)
MPRegen 0.10/turn               (no ring)

@: no status effects
A: no striking features
a: no special abilities


You were on level 2 of the Dungeon.
You visited 1 branch of the dungeon, and saw 3 of its levels.

You collected 119 gold pieces.

Inventory:

Hand Weapons
 d - a +1 mace of flaming (weapon)
Missiles
 f - 3 atropa-tipped darts
Armour
 a - a +0 robe (worn)
Potions
 b - a potion of magic
 c - 3 potions of mutation {unknown}
 e - a potion of brilliance {unknown}
 h - a potion of flight {unknown}
 i - 2 potions of attraction {unknown}
 j - a potion of cancellation {unknown}


   Skills:
 - Level 1.5 Dodging
 - Level 1.5 Stealth
 + Level 2.2 Spellcasting
 + Level 2.3 Conjurations
 + Level 4.1 Fire Magic


You had 4 spell levels left.
You knew the following spells:

 Your Spells              Type           Power      Damage    Failure   Level
a - Foxfire               Conj/Fire      48%        2x1d6     4%          1
b - Scorch                Fire           30%        2d6       5%          2

Your spell library contained the following spells:

 Spells                   Type           Power      Damage    Failure   Level
 Conjure Flame            Conj/Fire      12%        6-21      16%         3
 Slow                     Hex            4%         N/A       19%         1
 Inner Flame              Hex/Fire       8%         N/A       24%         3
 Flame Wave               Conj/Fire      12%        2d6       45%         4
 Confusing Touch          Hex            1%         N/A       50%         3
 Vampiric Draining        Necr           1%         2d6       50%         3


Dungeon Overview and Level Annotations

Branches:
Dungeon (3/15)

Altars:
Dithmenos

Shops:
D:3 ?


Message History

The adder is almost dead.
You feel very sick. The adder barely misses you. x2
You hit the adder. You burn the adder.
You kill the adder!
You feel very sick.
You have reached level 4!
You start resting.
You feel sick. x6
You are no longer poisoned.
You start resting.
Magic restored.
You start resting.
HP restored.
You climb downwards.
The gnoll hits you with a +0 whip.
There is a stone staircase leading up here.
The gnoll hits you with a +0 whip. The gnoll hits you with a +0 whip!
You climb upwards.
There is a stone staircase leading down here.
Casting: Scorch (safe; 5% risk of failure)
Confirm with . or Enter, or press ? or * to list all spells.
Flames lash the gnoll.
The gnoll is heavily wounded.
The gnoll's fire resistance burns away.
The gnoll hits you with a +0 whip. The gnoll closely misses you.
The gnoll hits you with a +0 whip. The gnoll hits you with a +0 whip!
* * * LOW HITPOINT WARNING * * *
You feel much better. The gnoll hits you with a +0 whip.
The gnoll hits you with a +0 whip!
Casting: Scorch (safe; 5% risk of failure)
Confirm with . or Enter, or press ? or * to list all spells.
Flames lash the gnoll.
The gnoll is moderately wounded.
The gnoll's fire resistance burns away.
The gnoll is no longer more vulnerable to fire.
The gnoll hits you with a +0 whip.
* * * LOW HITPOINT WARNING * * *
The gnoll hits you with a +0 whip.
* * * LOW HITPOINT WARNING * * *
The gnoll hits you with a +0 whip.
You die...

########## ###........#
..#.######(# .........#.#
#.#.####.#.# #.#.# #.#.# ####
#.#.# ##.#.########### #...
#.#.###..............#########.##
#.#...'........g@....'...<.....##
#.#####.........÷g...############
#.# #..............## #...... ..#
########........# #.##### ..##
########.# #.# ...# #######
#.#####.##### ...# #.....#
#.........<.. ...#######.....###
#######.####. ...#....##.......#
#..........#.


You could see 2 gnolls.

Vanquished Creatures
  A gnoll (D:3)
  An adder (D:2)
  6 ball pythons
  2 bats (D:2)
  4 endoplasms
  4 giant cockroaches
  6 goblins
  8 hobgoblins
  A kobold (D:2)
  4 rats
37 creatures vanquished.

Vanquished Creatures (others)
  78 foxfires
78 creatures vanquished.

Grand Total: 115 creatures vanquished

Notes
Turn   | Place    | Note
-------+----------+-------------------------------------------
     0 | D:1      | Ijustatesigmund the Hill Orc Fire Elementalist began the
                  | quest for the Orb.
     0 | D:1      | Reached XP level 1. HP: 14/14 MP: 3/3
   292 | D:1      | Reached XP level 2. HP: 20/20 MP: 2/4
   503 | D:1      | Found a faded altar of an unknown god.
  1450 | D:2      | Found a shadowy altar of Dithmenos.
  1457 | D:2      | Reached XP level 3. HP: 26/26 MP: 2/6
  1464 | D:2      | Learned a level 2 spell: Scorch
  2935 | D:3      | Found Ysutra's Magic Scroll Emporium.
  2948 | D:3      | Reached skill level 4 in Fire Magic
  2954 | D:2      | HP: 1/26 [poisoned by an adder]
  2960 | D:2      | Reached XP level 4. HP: 13/33 MP: 1/7
  3205 | D:2      | Slain by a gnoll

Illustrated notes

Levels and vault maps discovered:
D:1:      nzn_arrival_settlement, layout_rooms,
          shapermc_ecumenical_altar_starsandcircs
D:2:      layout_basic, basic_altar
D:3:      layout_loops_ring, serial_shops, shop, nicolae_shop_hallway_stairs,
          shop, ebering_ghost_inner_flame, grunt_ministairs_15

Skill      XL: |  1  2  3 |
---------------+----------+-----
Spellcasting   | 2 |  2.2
Conjurations   | 2 |  2.3
Fire Magic     | 4 |  4.1
Dodging        | |  1.5
Stealth        | |  1.5

Action                   |  1- 3 |  4- 6 || total
-------------------------+-------+-------++-------
Melee: Mace              |    40 |       ||    40
       Punch             |     1 |       ||     1
 Cast: Foxfire           |    49 |       ||    49
       Scorch            |     1 |     2 ||     3
  Use: Scroll            |    10 |       ||    10
       Potion            |     1 |     1 ||     2
 Stab: Sleeping          |     2 |       ||     2
Armor: Robe              |    11 |       ||    11
Dodge: Dodged            |    41 |     1 ||    42

Table legend: (Time is in decaauts)
 A = Elapsed time spent in this place.
 B = Non-inter-level travel time spent in this place.
 C = Inter-level travel time spent in this place.
 D = Time resting spent in this place.
 E = Time spent auto-exploring this place.
 F = Levels seen in this place.
 G = Mean time per level.
                   A        B        C        D        E       F      G
               +--------+--------+--------+--------+--------+-----+--------+
         Total |   3221 |   3115 |    106 |    700 |   2093 |   3 | 1073.7 |
       Dungeon |   3221 |   3115 |    106 |    700 |   2093 |   3 | 1073.7 |
               +--------+--------+--------+--------+--------+-----+--------+

Top non-repeatable levels by time:
     D:2: 1819 daAuts
     D:1: 1378 daAuts
     D:3: 24 daAuts
